 Dungeon Crawl Stone Soup version 0.24.0-124-g2791043dd8 (webtiles) character file.

Game seed: 9194176993082602555, levelgen mode: deterministic

89 hazymike the Magician (level 4, -8/32 HPs)
             Began as a Mummy Wizard on Feb 14, 2020.
             Killed from afar by Natasha (11 damage)
             ... with a magic dart
             ... on level 2 of the Dungeon on Feb 16, 2020.
             The game lasted 00:13:31 (3047 turns).

hazymike the Magician (Mummy Wizard)                Turns: 3047, Time: 00:13:32

Health: -8/32      AC:  2    Str: 10    XL:     4   Next: 31%
Magic:  0/10       EV: 12    Int: 18    God:
Gold:   85         SH:  0    Dex: 10    Spells: 4/11 levels left

rFire    x . .     SeeInvis .   a - +0 dagger
rCold    + . .     Gourm    .   (no shield)
rNeg     + + +     Faith    .   d - +0 robe
rPois    ∞         Spirit   .   b - +0 hat
rElec    .         Reflect  .   (no cloak)
rCorr    .         Harm     .   (no gloves)
MR       .....                  (no boots)
Stlth    ++........             (no amulet)
HPRegen  0.10/turn              (no ring)
MPRegen  0.12/turn              (no ring)

@: no status effects
A: no food or potions, fire vulnerability, cold resistance 1, negative energy
resistance 3, torment resistance, unbreathing
a: no special abilities


You were on level 2 of the Dungeon.
You were not hungry.

You visited 1 branch of the dungeon, and saw 2 of its levels.

You collected 85 gold pieces.

Inventory:

Hand Weapons
 a - a +0 dagger (weapon)
Armour
 b - a +0 hat (worn)
 d - a +0 robe (worn)
Jewellery
 e - a +6 amulet of reflection {unknown}
Scrolls
 c - a scroll of remove curse {unknown}
 f - a scroll of fog {unknown}


   Skills:
 + Level 1.2 Fighting
 + Level 2.0 Dodging
 - Level 2.0 Stealth
 - Level 4.0 Spellcasting
 * Level 2.0 Conjurations
 + Level 0.8 Hexes
 + Level 1.2 Summonings
 + Level 1.2 Translocations


You had 4 spell levels left.
You knew the following spells:

 Your Spells              Type           Power        Failure   Level  Hunger
a - Magic Dart            Conj           ##..         6%          1    N/A
b - Blink                 Tloc           N/A          14%         2    N/A
c - Call Imp              Summ           #.......     13%         2    N/A
d - Slow                  Hex            #.......     16%         2    N/A

Your spell library contained the following spells:

 Spells                   Type           Power        Failure   Level  Hunger
 Conjure Flame            Conj/Fire      #.......     28%         3    N/A
 Mephitic Cloud           Conj/Pois/Air  #.......     32%         3    N/A

Dungeon Overview and Level Annotations

Branches:
Dungeon (2/15)

Altars:

Annotations:
D:2 Natasha


Innate Abilities, Weirdness & Mutations

You do not eat or drink.
Your flesh is vulnerable to fire.
You are immune to poison.
Your flesh is cold resistant. (rC+)
You are immune to negative energy. (rN+++)
You are immune to unholy pain and torment.
You can survive without breathing.


Message History

Aim: Natasha (heavily wounded, fast)
The magic dart hits Natasha but does no damage.
Natasha is heavily wounded.
Natasha claws you.
Casting: Magic Dart (safe; 6% risk of failure)
Confirm with . or Enter, or press ? or * to list all spells.
Aiming: Magic Dart (safe; 6% risk of failure)
Press: ? - help, Shift-Dir - straight line, f/p - Natasha
Aim: Natasha (heavily wounded, fast)
The magic dart hits Natasha but does no damage.
Natasha is heavily wounded.
Natasha claws you!
* * * LOW HITPOINT WARNING * * *
Natasha claws you.
* * * LOW HITPOINT WARNING * * *
You barely miss Natasha.
Natasha is heavily wounded.
Natasha stares at you and mumbles some strange words.
The magic dart hits you!
You die...

#.....#
#.....
..... ....
.5. #.#
#h#####.#
#@......#
##.######
#..........
#.#.####...
#.#.# # #.#
#.# #.# ..#


You could see Natasha and a friendly crimson imp.

Vanquished Creatures
  Natasha (D:2)
  An ooze (D:2)
  2 dart slugs (D:1)
  A leopard gecko (D:1)
  2 giant cockroaches (D:1)
  8 goblins
  3 hobgoblins (D:1)
  5 jackals
  2 kobolds (D:1)
  2 ball pythons (D:1)
  2 bats (D:1)
  A frilled lizard (D:1)
  3 rats
33 creatures vanquished.

Vanquished Creatures (collateral kills)
  Natasha (D:2)
1 creature vanquished.

Grand Total: 34 creatures vanquished

Notes
Turn   | Place    | Note
-------+----------+-------------------------------------------
     0 | D:1      | hazymike the Mummy Wizard began the quest for the Orb.
     0 | D:1      | Reached XP level 1. HP: 13/13 MP: 5/5
   244 | D:1      | Reached skill level 1 in Conjurations
   666 | D:1      | Reached XP level 2. HP: 20/20 MP: 1/7
   689 | D:1      | Learned a level 2 spell: Blink
   692 | D:1      | Learned a level 2 spell: Call Imp
   695 | D:1      | Learned a level 2 spell: Slow
  1470 | D:1      | Reached skill level 1 in Summonings
  1557 | D:1      | Reached XP level 3. HP: 25/25 MP: 4/8
  2092 | D:2      | Noticed Natasha
  2103 | D:2      | Killed Natasha
  2103 | D:2      | Reached skill level 1 in Fighting
  2103 | D:2      | Reached skill level 1 in Translocations
  2758 | D:2      | Noticed Natasha
  2803 | D:2      | Killed Natasha
  2803 | D:2      | Reached XP level 4. HP: 22/32 MP: 2/10
  3035 | D:2      | Noticed Natasha
  3047 | D:2      | Killed from afar by Natasha

Levels and vault maps discovered:
D:1:      dpeg_arrival_water_fire, layout_basic, serial_co_window_serial,
          co_window_corner_a, co_window_corner_a, co_window_paths_a,
          co_window_of_opportunity_a, co_window_cross_1, co_window_paths_b,
          co_window_2corner, co_window_2corner, co_window_paths_c,
          co_window_paths_e, co_window_4corner_a, glass_columns_b,
          glass_columns_b, glass_columns_a, glass_columns_a, glass_columns_a
D:2:      layout_basic, minitemple, uniq_natasha

Skill      XL: |  1  2  3  4 |
---------------+-------------+-----
Conjurations   | 1 2 |  2.0
Summonings     | 1 |  1.2
Fighting       | 1 |  1.2
Stealth        | 2 |  2.0
Translocations | 1 |  1.2
Dodging        | 2 |  2.0
Spellcasting   | |  4.0
Hexes          | |  0.8

Action                   |  1- 3 |  4- 6 || total
-------------------------+-------+-------++-------
Melee: Dagger            |     6 |     1 ||     7
 Cast: Magic Dart        |    91 |    16 ||   107
       Call Imp          |     2 |     2 ||     4
 Stab: Sleeping          |     1 |       ||     1
Armor: Robe              |    11 |       ||    11
Dodge: Dodged            |    42 |       ||    42
